Cogmind - Beta 15 @@@ ROGUE MODE // 2025.05.25 @ 11:09:02 Player: Man of Plasma Result: Destroyed by UC-BJM(j) with Overtuned Pulse Rifle Performance ------------- Evolutions (0) 0 Regions Visited (4) 800 Robots Destroyed (20) 100 Value Destroyed (495) 495 Prototype IDs (7) 140 Alien Tech Used (0) 0 Bonus (800) 800 TOTAL SCORE: 2335 Bonus ------- Registered with UFD 300 Met Optimus in HQ 500 Cogmind --------- Core Integrity 0/250 Matter 285/300 Energy 150/240 System Corruption 0% Temperature Cool (12) Movement Flying (272) Ox3 Location -8/Scraptown Parts ------- > --- POWER (1) -------- Nuclear Core > --- PROPULSION (2) --- VTOL Module VTOL Module > --- UTILITY (2) ------ Medium Storage Unit Improved Sensor Array > --- WEAPON (2) ------- Junk Cannon > --- INVENTORY (10) --- VTOL Module VTOL Module Scrap Suit Cooling System Advanced Signal Interpreter Advanced Assault Cannon Datajack Peak State ------------ > --- POWER ------------ Nuclear Core > --- PROPULSION ------- Airjet Airjet > --- UTILITY ---------- Improved Sensor Array System Shield > --- WEAPON ----------- Junk Cannon > --- INVENTORY -------- Flight Unit Hardlight Generator Heavy EM Pulse Gun Assault Cannon Datajack [Rating: 28] Favorites ----------- Power Nuclear Core Engine Light Ion Engine Power Core Nuclear Core Propulsion Airjet Treads Light Treads Hover Unit Airjet Flight Unit VTOL Module Utility Improved Sensor Array Device Improved Sensor Array Storage Large Storage Unit Hackware System Shield Protection Propulsion Shielding Weapon Beam Rifle Energy Gun Beam Rifle Ballistic Gun Assault Rifle Special Weapon Junk Cannon Special Melee Weapon Datajack Build | -11 -10 -10 -8 -8 ------- Run | Yrd Mat Sub Rec Scr Slots Evolved . | . . . . . Power . | . . . . . Propulsion . | . . . . . Utility . | . . . . . Weapon . | . . . . . Parts Attached 31 | 6 7 6 6 6 Power 3 | 1 1 . 1 . Engine 2 | 1 1 . . . Core 1 | . . . 1 . Reactor . | . . . . . Propulsion 10 | 2 . 4 2 2 Treads 2 | 2 . . . . Leg . | . . . . . Wheel . | . . . . . Hover 2 | . . . 2 . Flight 6 | . . 4 . 2 Utility 9 | 1 3 1 1 3 Device 3 | . . 1 1 1 Storage 4 | 1 2 . . 1 Processor . | . . . . . Hackware 1 | . . . . 1 Protection 1 | . 1 . . . Artifact . | . . . . . Weapon 9 | 2 3 1 2 1 Energy Gun 6 | 1 2 1 2 . Energy Cannon . | . . . . . Ballistic Gun 1 | 1 . . . . Ballistic Cannon . | . . . . . Launcher . | . . . . . Special Weapon 1 | . . . . 1 Impact Weapon . | . . . . . Slashing Weapon . | . . . . . Piercing Weapon . | . . . . . Special Melee Weapon 1 | . 1 . . . Unidentified Prototypes 1 | . . . . 1 Parts Lost 14 | . 1 13 . . Power 2 | . . 2 . . Propulsion 5 | . . 5 . . Utility 2 | . . 2 . . Weapon 5 | . 1 4 . . Highest Loss Streak 5 | . 1 5 . . To Critical Strikes . | . . . . . Average Backups 6 | 1 8 10 2 4 Power 1 | . 1 2 2 . Propulsion 2 | . 4 6 . 1 Utility . | . . . . . Weapon . | . 1 . . . Tool/Special . | . . . . . Unused Backups 18 | . 2 5 . 11 Power 3 | . . 1 . 2 Propulsion 7 | . 1 4 . 2 Utility 3 | . . . . 3 Weapon 4 | . 1 . . 3 Tool/Special 1 | . . . . 1 Average Slot Usage (%) 81 | . 89 71 49 87 Engine 3 | . 14 3 . . Core 8 | . . . 3 14 Treads 9 | . 28 24 . . Hover 9 | . . . 11 15 Flight 8 | . . 3 10 12 Device 11 | . . 1 7 18 Storage 7 | . 16 12 . 3 Hackware 2 | . . . . 4 Protection 2 | . 4 11 . . Energy Gun 11 | . 21 9 16 8 Special Weapon 5 | . . . . 9 Special Melee Weapon 1 | . 3 5 . . Peak Build Rating 28 | 6 8 8 16 28 Average Rating 15 | 4 6 5 7 23 On Entrance 6 | . 6 8 1 16 Naked Turns . | . . . . . Heaviest Build 34 | 12 34 30 18 32 Greatest Support 40 | 40 40 40 16 16 Greatest Overweight (x) 7 | 2 . . 1 7 Average Overweight (x) . | . . . . 1 Largest Inventory Capacity 15 | 8 15 15 5 10 Average Capacity 8 | 7 11 13 5 6 Most Carried 12 | 4 12 12 4 10 Average Carried 6 | 2 8 10 2 5 Final Capacity 15 | 8 15 5 5 10 Final Carried 12 | 4 12 2 4 8 Class Distribution -------------------- 100% | Mutant Dominant Class ---------------- Mutant | -10/Materials Mutant | -10/Subcaves Mutant | -8/Recycling Mutant | -8/Scraptown Resources | -11 -10 -10 -8 -8 ----------- Run | Yrd Mat Sub Rec Scr Matter Collected 571 | 189 142 90 10 140 Remotely . | . . . . . Salvage Created 676 | . 440 51 . 185 Parts 39 | . 30 5 . 4 Haulers Intercepted 2 | . 2 . . . Recyclers Shooed . | . . . . . Parts Field Recycled . | . . . . . Retrieved Matter . | . . . . . Parts Self-Destructed . | . . . . . Prevented . | . . . . . Kills | -11 -10 -10 -8 -8 ------- Run | Yrd Mat Sub Rec Scr Combat Hostiles Destroyed 17 | . 11 1 . 5 Guns 11 | . 10 1 . . AOE 1 | . 1 . . . Classes Destroyed 9 | . 4 1 . 4 Hauler 2 | . 2 . . . Watcher 1 | . 1 . . . Swarmer 6 | . 6 . . . Grunt 5 | . 5 . . . Subdweller 1 | . . 1 . . Federalist 2 | . . . . 2 Explorer 1 | . . . . 1 Guru 1 | . . . . 1 Savage 1 | . . . . 1 Best Kill Streak 4 | . 4 1 . 3 Combat Bots Only 3 | . 3 1 . 3 Max Kills in Single Turn 2 | . 2 1 . 1 Gunslinging . | . . . . . Exploded 1 | . 1 . . . Melee . | . . . . . Uniques/NPCs Destroyed . | . . . . . Combat | -11 -10 -10 -8 -8 -------- Run | Yrd Mat Sub Rec Scr Hostile Shots Fired 114 | . 45 56 . 13 Missed 40 | . 19 19 . 2 Hits 74 | . 26 37 . 11 Melee 1 | . . . . 1 Projectile 73 | . 26 37 . 10 Critical Strikes 3 | . . 1 . 2 Actively Blocked 2 | . . 2 . . Damage Taken 1167 | . 306 676 . 185 Core 266 | . 33 151 . 82 Absorbed by Shields . | . . . . . Redirected to Shielding 49 | . 5 44 . . Regen/Repaired (Parts) 215 | . . . . 215 Core Remaining (%) 100 | 100 . . . . Volleys Fired 49 | . 32 6 . 11 Largest 2 | . 2 1 . 1 Hottest 80 | . 80 40 . . Shots Fired 72 | . 55 6 . 11 Gun 61 | . 55 6 . . Cannon . | . . . . . Launcher . | . . . . . Special 11 | . . . . 11 Kinetic . | . . . . . Thermal . | . . . . . Explosive . | . . . . . Electromagnetic 61 | . 55 6 . . Impact 11 | . . . . 11 Robot Hit Streak 16 | . 5 10 . 16 Robot Miss Streak 3 | . 3 . . 1 Penetration Max . | . . . . . Secondary Targets . | . . . . . Shots Hit Robots 51 | . 35 7 . 9 Core Hits 22 | . 18 3 . 1 Critical Kills . | . . . . . Critical Parts Destroyed 2 | . . . . 2 Critical Strikes 2 | . . . . 2 Smash 2 | . . . . 2 Melee Attacks 5 | . 3 2 . . Impact . | . . . . . Slashing . | . . . . . Piercing . | . . . . . Sneak Attacks 3 | . 3 . . . Combat Hostiles . | . . . . . Follow-up Attacks . | . . . . . Damage Inflicted 1178 | . 562 71 . 545 Guns 511 | . 445 66 . . Cannons . | . . . . . Explosions 117 | . 117 . . . Melee . | . . . . . Ramming 5 | . . 5 . . Kinetic . | . . . . . Thermal 117 | . 117 . . . Explosive . | . . . . . Electromagnetic 511 | . 445 66 . . Impact 545 | . . . . 545 Slashing . | . . . . . Piercing . | . . . . . Highest Corruption 6 | . 4 4 6 6 Average Corruption 4 | . 3 4 5 6 Corruption Purged . | . . . . . Corruption Blocked . | . . . . . Effects 39 | . 11 19 9 . Message Errors 13 | . 4 6 3 . Matter Fused 7 | . 3 3 1 . Heat Flow Errors 6 | . 2 4 . . Energy Discharges 4 | . 1 3 . . Data Loss (minor) 8 | . 1 3 4 . Data Loss (major) 1 | . . . 1 . Overload Shots . | . . . . . Overflow Damage 273 | . . . . 273 Projectiles 273 | . . . . 273 Explosions . | . . . . . Melee . | . . . . . Knockbacks 3 | . . . . 3 Impact 3 | . . . . 3 Kinetic . | . . . . . Secondary . | . . . . . Self-Inflicted Damage 43 | . 43 . . . Shots 2 | . 2 . . . Rammed 4 | . . 4 . . Targets Rammed 4 | . . 4 . . Kicked . | . . . . . Crushed . | . . . . . Highest Temperature 230 | . 230 214 . 23 Average Temperature 60 | . 57 89 . 10 Received Heat Transfer 445 | . 96 264 . 85 Siege Activations . | . . . . . Martial Activations . | . . . . . Shielding Activations . | . . . . . Robots Disrupted . | . . . . . Combat Hostiles . | . . . . . Robots Corrupted 5 | . . . . 5 Combat Hostiles 5 | . . . . 5 Parts Fried 7 | . 1 . . 6 Impact Corruptions 11 | . . . . 11 Robots Melted . | . . . . . Combat Hostiles . | . . . . . Parts Melted . | . . . . . Heat Transferred 50 | . 50 . . . Parts Sabotaged . | . . . . . Parts Stolen . | . . . . . Parts Stripped . | . . . . . Power Chain Reactions 2 | . 2 . . . Alert | -11 -10 -10 -8 -8 ------- Run | Yrd Mat Sub Rec Scr Maximum Alert Level . | . . . . . Low Security (%) 100 | 100 100 . 100 . Level 1 . | . . . . . Level 2 . | . . . . . Level 3 . | . . . . . Level 4 . | . . . . . Level 5 . | . . . . . High Security . | . . . . . Max Security . | . . . . . Peak Influence 83 | . 83 . 67 . Initial 7 | . . . 7 . Average 26 | . 31 . 18 . Influence Increases 516 | . 302 75 139 . Destroy 0b10 Robot/C 220 | . 220 . . . Destroy 0b10 Robot/NC 15 | . 15 . . . Destroy Leader 46 | . 46 . . . Trap Triggered on 0b10 10 | . 10 . . . Successful Hack 19 | . . . 19 . Select Force Hacks 120 | . . . 120 . Destroy Structure 11 | . 11 . . . Lose Combat Pursuer 75 | . . 75 . . Influence Decreases 516 | . 297 65 154 . Entered New Map 11 | . . 3 8 . Time Decay 459 | . 287 26 146 . Lost Part 46 | . 10 36 . . Squads Dispatched 1 | . 1 . . . Investigation 1 | . 1 . . . Extermination . | . . . . . Reinforcement . | . . . . . Assault . | . . . . . Garrison . | . . . . . Intercept . | . . . . . Searches Triggered . | . . . . . Construction Impeded . | . . . . . Haulers Reinforced . | . . . . . Active Scanning Responses . | . . . . . Cargo Convoy Interrupts . | . . . . . Stealth | -11 -10 -10 -8 -8 --------- Run | Yrd Mat Sub Rec Scr Distress Signals . | . . . . . Communications Jammed . | . . . . . Distress Signals . | . . . . . Times Spotted 39 | . 17 14 . 8 Peak Tracking Total 10 | . 5 10 . 2 Tactical Retreats 3 | . . 3 . . Traps | -11 -10 -10 -8 -8 ------- Run | Yrd Mat Sub Rec Scr Traps Triggered 6 | . 3 3 . . Indirectly . | . . . . . Trap Hack Attempts 37 | . 8 29 . . Triggered . | . . . . . Disarmed . | . . . . . Reprogrammed 6 | . 2 4 . . Reused 1 | . 1 . . . Traps Extracted . | . . . . . Installed . | . . . . . Triggered 1 | . 1 . . . Machines | -11 -10 -10 -8 -8 ---------- Run | Yrd Mat Sub Rec Scr Machines Disabled 2 | . . . . 2 Max in Single Turn 1 | . . . . 1 Machines Repaired . | . . . . . Machines Dismantled . | . . . . . Machines Sabotaged . | . . . . . Overloaded Fab Kills . | . . . . . Hacking | -11 -10 -10 -8 -8 --------- Run | Yrd Mat Sub Rec Scr Machines Accessed 15 | . 1 . 9 5 Terminals 4 | . 1 . 3 . Fabricators . | . . . . . Repair Stations . | . . . . . Recycling Units 4 | . . . 4 . Scanalyzers . | . . . . . Garrison Access . | . . . . . Total Hacks 66 | . 3 . 38 25 Successful 58 | . 1 . 32 25 Failed 8 | . 2 . 6 . Catastrophic 2 | . . . 2 . Database Lockouts . | . . . . . Manual 7 | . . . 7 . Terminals 12 | . 3 . 9 . Fabricators . | . . . . . Repair Stations . | . . . . . Recycling Units 5 | . . . 5 . Scanalyzers . | . . . . . Garrison Access . | . . . . . Terminal Hacks 54 | . 1 . 28 25 Record 49 | . . . 25 24 Robot Schematic 1 | . . . 1 . Robot Analysis 1 | . . . 1 . Terminal Index 1 | . . . 1 . Locate Traps 1 | . 1 . . . Proto ID Catalog 1 | . . . . 1 Fabricator Hacks . | . . . . . Repair Station Hacks . | . . . . . Recycling Unit Hacks . | . . . . . Scanalyzer . | . . . . . Garrison Access Hacks . | . . . . . Unauthorized Hacks 4 | . . . 4 . Terminals . | . . . . . Fabricators . | . . . . . Repair Stations . | . . . . . Recycling Units 4 | . . . 4 . Tunnel 4 | . . . 4 . Scanalyzers . | . . . . . Garrison Access . | . . . . . Data Cores Recovered . | . . . . . Used . | . . . . . Hacking Detections 3 | . 1 . 2 . Full Trace Events 2 | . . . 2 . Feedback Events 2 | . . . 2 . Corruption 2 | . . . 2 . Feedback Blocked . | . . . . . Robot Schematics Acquired 1 | . . . 1 . Robots Built . | . . . . . Authchips . | . . . . . Time . | . . . . . Total Robot Build Rating . | . . . . . Part Schematics Acquired . | . . . . . Parts Built . | . . . . . Authchips . | . . . . . Time . | . . . . . Total Part Build Rating . | . . . . . Parts Repaired . | . . . . . Time . | . . . . . Parts Recycled . | . . . . . Recycled Matter . | . . . . . Retrieved Matter . | . . . . . Retrieved Components . | . . . . . Parts Scanalyzed . | . . . . . Part Schematics Acquired . | . . . . . Parts Damaged . | . . . . . Bothacking | -11 -10 -10 -8 -8 ------------ Run | Yrd Mat Sub Rec Scr Used RIF Installer . | . . . . . Robots Hacked 1 | . 1 . . . Non-combat 1 | . 1 . . . Combat . | . . . . . Robot Hacks Applied 1 | . 1 . . . no_distress 1 | . 1 . . . Relay Couplers Released . | . . . . . Fabnet Peak Effective % . | . . . . . Robots Rewired . | . . . . . Allies Hacked . | . . . . . Hacks Repelled . | . . . . . Allies | -11 -10 -10 -8 -8 -------- Run | Yrd Mat Sub Rec Scr Total Allies . | . . . . . Largest Group . | . . . . . Highest-Rated Group . | . . . . . Highest-Rated Ally . | . . . . . Total Orders . | . . . . . Ally Attacks . | . . . . . Total Damage . | . . . . . Kills . | . . . . . Allies Corrupted . | . . . . . Allies Melted 3 | . . . . 3 Intel | -11 -10 -10 -8 -8 ------- Run | Yrd Mat Sub Rec Scr Active Infowar (turns) 2678 | . . 100 . 2578 Sensors 2578 | . . . . 2578 Terrain 100 | . . 100 . . Robot Analysis Total 1 | . . . 1 . Derelict Logs Recovered 2 | . . . . 2 Drone Launches . | . . . . . Drone Recoveries . | . . . . . Exploration | -11 -10 -10 -8 -8 ------------- Run | Yrd Mat Sub Rec Scr Turns Passed 5151 | 63 942 870 454 2822 Spaces Moved 3398 | 33 408 498 670 1789 Core 6 | 4 . . . 2 Treads 771 | 29 408 334 . . Legs . | . . . . . Wheels . | . . . . . Hover 1489 | . . . 208 1281 Flight 1132 | . . 164 462 506 Fastest Speed 37 | 50 160 37 40 56 Average Speed 129 | 154 160 119 65 148 Slowest Speed 435 | 160 160 160 120 435 Overloaded Moves . | . . . . . Propulsion Burnouts . | . . . . . Robots Hopped 1 | . . 1 . . Potential Cave-ins . | . . . . . Cave-ins Triggered . | . . . . . Exploration Rate (%) 57 | 4 62 40 98 85 Regions Visited 4 Branch Regions 3 Pre-discovered Areas 5 | . . . 4 1 Known Exits Taken . | . . . . . Unknown Exits Taken 4 | 1 1 1 1 . Scrap Searched 4 | . . . . 4 Spaces Dug . | . . . . . Terrain Destroyed 8 | . 8 . . . Melee . | . . . . . Projectile . | . . . . . AOE 8 | . 8 . . . Terrain Rammed . | . . . . . Walls Destroyed . | . . . . . Machines Disabled . | . . . . . Actions | -11 -10 -10 -8 -8 --------- Run | Yrd Mat Sub Rec Scr Total 4058 | 42 639 756 680 1941 Wait 477 | . 166 203 3 105 Move 3392 | 32 407 495 669 1789 Hop 1 | . . 1 . . Pick Up 32 | 4 11 4 2 11 Fast Attach 19 | 6 2 . 5 6 Attach 11 | . 1 8 . 2 Detach 2 | . . . . 2 Swap 8 | . 5 1 1 1 Drop 21 | . 4 3 . 14 Fire 49 | . 32 6 . 11 Melee 5 | . 3 2 . . Ram 1 | . . 1 . . Kick . | . . . . . Crush 3 | . . 3 . . Escape Stasis . | . . . . . Rewire . | . . . . . Trap 37 | . 8 29 . . Miscellaneous . | . . . . . Route ------- -11/Scrapyard -10/Materials (discovered 4 exits: [*Mat] / [*Min x2] / [*Sub]) -10/Subcaves (discovered 2 exits: [*Mat] / *Rec) -8/Recycling (discovered 2 exits: [*Fac] / *Scr) -8/Scraptown (discovered 2 exits: [*Fac x2]) History --------- Turn | Location | Event 10 | -11/Scrapyard | Discovered new exit (range 16) 64 | -11/Scrapyard | Entered Materials 275 | -10/Materials | Discovered new exit (range 12) 308 | -10/Materials | Build established: Mutant 672 | -10/Materials | Discovered new exit (range 14) 824 | -10/Materials | Discovered new exit (range 16) 973 | -10/Materials | Discovered new exit (range 11) 1006 | -10/Materials | Entered Subcaves 1109 | -10/Subcaves | Ambushed by Subdweller buried in earth 1144 | -10/Subcaves | Lost 3 parts (1p2w) 1481 | -10/Subcaves | A swath of the cavern ceiling suddenly collapsed 1784 | -10/Subcaves | Lost 4 parts (2n1u1w) 1842 | -10/Subcaves | Core integrity fell below 50% 1863 | -10/Subcaves | Discovered new exit (range 8) 1873 | -10/Subcaves | Discovered new exit (range 10) 1876 | -10/Subcaves | Entered Recycling 1906 | -8/Recycling | Lost 5 parts (1p3n1u) 2203 | -8/Recycling | Discovered new exit (range 15) 2286 | -8/Recycling | Scanned before Scraplab entrance 2305 | -8/Recycling | Entered Scraplab 2326 | -8/Recycling | Discovered new exit (range 3) 2330 | -8/Recycling | Entered Scraptown 2331 | -8/Scraptown | System corruption cleaned by C-Scrubber 2600 | -8/Scraptown | Heard Great Nut preacher, LISTEN AND RECITE! 2701 | -8/Scraptown | Discovered new exit (range 3) 2813 | -8/Scraptown | Scanned Subdweller tech in exchange for log data 2816 | -8/Scraptown | Learned Research emergency access door positions 2817 | -8/Scraptown | Learned location of Quarantine (-3) 2867 | -8/Scraptown | Visited SPCMW 2935 | -8/Scraptown | Visited Shadow of the Wyrm 2959 | -8/Scraptown | Visited Cyclists 3001 | -8/Scraptown | Visited Assassins FH 3021 | -8/Scraptown | Visited CR-KLE's Repair Center 3029 | -8/Scraptown | CR-KLE repaired 7 parts 3072 | -8/Scraptown | Visited The Evicted 3107 | -8/Scraptown | Visited Fellowship of the Rings 3161 | -8/Scraptown | Visited UFD Registry 3161 | -8/Scraptown | Registered with UFD as "Matrixunit" 3192 | -8/Scraptown | Visited Junk Cannon Lab 3205 | -8/Scraptown | Found Prototype Special Weapon 3205 | -8/Scraptown | Identified Junk Cannon 3588 | -8/Scraptown | Visited Curators Association 3642 | -8/Scraptown | Visited LU-1G1's Boring Crew 3779 | -8/Scraptown | Discovered new exit (range 5) 3832 | -8/Scraptown | Found Scrap Suit 3880 | -8/Scraptown | Visited Science Testing Area 3905 | -8/Scraptown | Visited Supply Room 3972 | -8/Scraptown | Visited Science Guys 4085 | -8/Scraptown | Visited Junk Repository 4146 | -8/Scraptown | Visited Abandonware Association 4165 | -8/Scraptown | Learned abandonware demo "TRNCOAT.EXE" 4165 | -8/Scraptown | Learned abandonware demo "MELTYB.EXE" 4906 | -8/Scraptown | Met Optimus 4906 | -8/Scraptown | Accepted into 0bPrime 5062 | -8/Scraptown | Civil war broke out across Scraptown 5064 | -8/Scraptown | Core integrity fell below 20% 5116 | -8/Scraptown | Lost 3 allies 5138 | -8/Scraptown | Optimus destroyed in the chaos of civil war 5152 | -8/Scraptown | Destroyed by UC-BJM(j) with Overtuned Pulse Rifle Last Messages --------------- Corrupted Great Maul (+1 shot). 05129_ Junk Cannon collects and crushes Wheel (+1 shot). 05131_ Acquired 21 matter. 05138_ ANNOUNCEMENT: The traitor Optimus has been dealt with. Put down any remaining collaborators. 05148_ Junk Cannon collects and crushes Mak. Microdissipator Network. 05149_ UC-BJM(j): "Can we win this? Even if we take Scraptown, they'll hit us from Junction 34." 05150_ 03-C4N(g) suffers critical hit (Smash). 05150_ Destroyed Salvaging Laser. 05150_ 03-C4N(g) system corrupted by crushing effect. 05151_ 03-C4N(g) system terminally corrupted. 05151_ Aluminum Leg fried. 05151_ Imp. Heat Sink fried. [Achievement: This Is Interesting...] Map ----- +----------------------------------------------------+ | ????????????????????????????????????????????#"""#? | | ?????????????###################???####?????#" "#? | | ?????????????"""##"""##""|##"""#??## ##????# < #? | | ????????????#"" ##"" ##""|##!!"#### ###### ## | | ????????????#"" [ # | | ????????????# ! # | | ????????????####################### ########### | | ??????????????????????????????????## ##?????????? | | #???##???????????????????????#?????# #??????????? | | "###"#???????###########????? """??# #??????????? | | "$" ####????# # # #???? " ??# #??????????? | | """ "#????# # """ # #????" ??# #??????????? | | ""#?????# # "#" # #????" ??# #??????????? | | "&#?????# # """ # #??""" ??# #??????????? | | ""##????# #???" "??# #??????????? | | "#????# ####### #?# ""?# #####??????? | | ""##????# # # #??"" ""?# #""""??????? | | "!#?????# # # #??? "?# # ?????? | | ""##????# # # #???? ??# # ??????? | | "#????# #????? ???# #"""???????? | | ###### ##????##### #####?????# #???# ## #???????? | | ?##### ########### ########### ##### ## ######### | | ?#"""" """"""""""" """""""" " " """ %"" "## | | ?#" %j "## | | ?#" % = % "## | | ?#" @%[ "## | | ?#" ! % "## | | ##" = *! | | " """""""""""""""""""""""""""" =! "## | | " """""""""""""""""""""""""""" "## | | "% ""###### ################"" "## | | "" ""# ##????????#"" "######## | | "" ""# X"#????????#"" "##"""""" | | "" ""# "" "" ##????????#"" "## "]]!" | | "" ""# "" "" X"#??????###"" "## ]]!! | | "" * "# " " ######### #"" "## | | ##" [%= "" ? | | ?#" ! " "" ? "## = ] " | | ##" # " " ######### #"" "## ="" " | | "# "" "" ""#??????###"" "##"""""" | | # "" "" ##????????#"" "######## | | ""# X"#????????#"" "#??????? | | ""# ##????????#"" "#??????? | | ""###### ################"" "######## | | """"""""""""""""""""""""""" "##" """" | | """""""""""""""""""""""""""" """" | | "## " | | "## " | | "## | | "#" ## "" | +----------------------------------------------------+ Best States ------------- Heat Dissipation 25 Energy Generation 14 Energy Capacity 250 Matter Stores 300 Matter Capacity 300 Sight Range 16 Robot Scan Range 15 Terrain Scan Range 14 Terrain Scan Density 10 Propulsion Shielding 33 Evasion (%) 62 Recoil Reduction 2 Defensive Hacking 10 Item Schematics ----------------- None Robot Schematics ------------------ G-34 Mercenary | -8/Recycling | Hacked Fabricated ------------ Nothing Repaired ---------- Nothing Alien Tech Used ----------------- None Achievements -------------- Brute Force This Is Interesting... Challenges ------------ None Game ------ Seed ExoskeletonConstructFlail Manual? 0 Play Time 00:47:11 Cumulative 21.8 hours Start 2025.05.24 @ 13:52:36 End 2025.05.25 @ 11:09:02 Sessions 3 Manual Loads 0 Difficulty Rogue Special Mode None Game No. 37 Rogue 37 Adventurer 0 Explorer 0 Win Type - Total 0 Types 0/0/0/0/0/0/0/0/0/0 Lore% 27 Gallery% 27 Achievement% 23 Wizard Run 0 Options --------- Layout 1 ASCII 0 Keyboard 0 Movement Numpad Keybinds 0 Fullscreen 1 Font 24/Smallcaps Map View 50x35 Zoom Use 0% Tactical HUD 1 Map Filters NONE Filters NONE Steam 1 RUN: 4e6865cb-2ee5-4b8f-a4d4-9db9c6f39362